 Dungeon Crawl Stone Soup version 0.32-a0-975-g85d4e5bfdb (webtiles) character file.

Game seed: 1452874008186279612

51 Maxmaps the Cudgeller (level 3, -5/29 HPs)
             Began as a Demonspawn Monk on Apr 19, 2024.
             Slain by a gnoll
             ... wielding a +0 spear
              (6 damage)
             ... on level 3 of the Dungeon.
             The game lasted 00:01:08 (1572 turns).

Maxmaps the Cudgeller (Demonspawn Monk)             Turns: 1572, Time: 00:01:09

Health: -5/29      AC:  3    Str: 11    XL:     3   Next: 57%
Magic:  3/3        EV: 11    Int: 12    God:
Gold:   90         SH:  4    Dex: 15    Spells: 2/2 levels left

rFire   . . .        a - +0 mace
rCold   . . .        d - orb {light}
rNeg    . . .        b - +0 robe
rPois   .            (no helmet)
rElec   .            k - +0 cloak
rCorr   .            (no gloves)
SInv    .            (no boots)
Will    .....        (no amulet)
Stlth   +            (no ring)
HPRegen 0.24/turn    (no ring)
MPRegen 0.08/turn

%: no passive effects
@: glowing, invisible (but backlit and visible)
A: large bone plates 1
a: no special abilities


You were on level 3 of the Dungeon.
You visited 1 branch of the dungeon, and saw 3 of its levels.

You collected 90 gold pieces.

Inventory:

Hand Weapons
 a - a +0 mace (weapon)
Armour
 b - a +0 robe (worn)
 d - an orb of light (worn)
 k - a +0 cloak (worn)
Jewellery
 j - an amulet of faith
Scrolls
 f - 2 scrolls of enchant weapon {unknown}
 h - a scroll of poison {unknown}
 i - 2 scrolls of identify {unknown}
Potions
 c - a potion of ambrosia
 l - a potion of enlightenment {unknown}
 m - a potion of might {unknown}


   Skills:
 - Level 3.0 Fighting
 + Level 4.2 Maces & Flails
 - Level 2.6 Dodging


You had 2 spell levels left.
You didn't know any spells.
Your spell library contained the following spells:

 Spells                   Type           Power      Damage    Failure   Level
 Dispersal                Tloc           0%         N/A       100%        6
 Gell's Gavotte           Tloc           0%         2d(11-16) 100%        6
 Manifold Assault         Tloc           0%         N/A       100%        7
 Disjunction              Tloc           0%         N/A       100%        8


Dungeon Overview and Level Annotations

Branches:
Dungeon (3/15)

Altars:


Innate Abilities, Weirdness & Mutations

You are partially covered in large bone plates. (SH +4)


Message History

You are caught in a web!
You are caught in a web!
You are caught in a web!
There are monsters nearby!
There are monsters nearby!
You are caught in a web!
Unknown command.
The web tears apart.
The gnoll shouts!
It was a potion of heal wounds.
You feel much better.
An endoplasm comes into view.
The gnoll closely misses you.
It was a potion of invisibility.
You become transparent, but the glow from your halo prevents you from becoming completely invisible.
The endoplasm quivers.
The ribbon worm bites you.
The gnoll hits you from afar with a +0 spear!
You hit the ribbon worm.
The ribbon worm is lightly wounded.
The ribbon worm completely misses you. The gnoll closely misses you.
You hit the ribbon worm but do no damage.
The ribbon worm completely misses you.
The gnoll hits you from afar with a +0 spear!
You thump the ribbon worm!
The ribbon worm is heavily wounded.
The gnoll hits you from afar with a +0 spear.
The ribbon worm expels a string of sticky webbing.
The stream of webbing misses you.
You hit the ribbon worm.
The ribbon worm is severely wounded.
The gnoll hits you from afar with a +0 spear.
* * * LOW HITPOINT WARNING * * *
The ribbon worm completely misses you.
You hit the ribbon worm.
The ribbon worm is almost dead.
The gnoll hits you from afar with a +0 spear.
* * * LOW HITPOINT WARNING * * *
The ribbon worm closely misses you.
The gnoll hits you from afar with a +0 spear.
You die...

.
....######
#Jggw@.####
######..<.#
####.......
#######


You could see a ribbon worm (catching breath), 2 gnolls and an endoplasm.

Vanquished Creatures
  An adder (D:2)
  A ribbon worm (D:2)
  A dart slug (D:2)
  A ball python (D:1)
  An endoplasm (D:2)
  3 giant cockroaches
  4 goblins
  5 hobgoblins
  5 jackals
  4 bats (D:1)
  3 frilled lizards
  2 kobolds
  A rat (D:1)
32 creatures vanquished.

Notes
Turn   | Place    | Note
-------+----------+-------------------------------------------
     0 | D:1      | Maxmaps the Demonspawn Monk began the quest for the Orb.
     0 | D:1      | Reached XP level 1. HP: 18/18 MP: 1/1
    14 | D:1      | Found a faded altar of an unknown god.
    51 | D:1      | Reached skill level 3 in Maces & Flails
    63 | D:1      | Gained mutation: You are partially covered in large bone
                  | plates. (SH +4) [demonic ancestry]
    63 | D:1      | Reached XP level 2. HP: 5/24 MP: 2/2
   582 | D:2      | Reached XP level 3. HP: 10/29 MP: 3/3
   847 | D:2      | Reached skill level 4 in Maces & Flails
  1572 | D:3      | HP: 1/29 [gnoll/+0 spear (4)]
  1572 | D:3      | Slain by a gnoll

Illustrated notes

Levels and vault maps discovered:
D:1:      minmay_arrival_solitary_statue, layout_basic,
          ebering_ecumenical_altar_box
D:2:      layout_loops_cross
D:3:      layout_rooms, minmay_circle_x

Skill      XL: |  1  2  3 |
---------------+----------+-----
Maces & Flails | 3 4 |  4.2
Fighting       | |  3.0
Dodging        | |  2.6

Action                     || total
---------------------------++-------
  Melee: Mace              ||   108
    Use: Potion            ||     2
 Armour: Robe              ||    68
  Dodge: Dodged            ||    82

Table legend: (Time is in decaauts)
 A = Elapsed time spent in this place.
 B = Non-inter-level travel time spent in this place.
 C = Inter-level travel time spent in this place.
 D = Time resting spent in this place.
 E = Time spent auto-exploring this place.
 F = Levels seen in this place.
 G = Mean time per level.
                   A        B        C        D        E       F      G
               +--------+--------+--------+--------+--------+-----+--------+
         Total |   1596 |   1514 |     82 |    247 |   1011 |   3 |  532.0 |
       Dungeon |   1596 |   1514 |     82 |    247 |   1011 |   3 |  532.0 |
               +--------+--------+--------+--------+--------+-----+--------+

Top non-repeatable levels by time:
     D:2: 1038 daAuts
     D:1: 540 daAuts
     D:3: 17 daAuts
